 Dungeon Crawl Stone Soup version 0.28.0-53-g5a82cb258f (webtiles) character file.

Game seed: 14930421986712240976

408370 Doot the Eclecticist (level 21, 0/161 HPs)
             Began as a Demigod Ice Elementalist on May 22, 2022.
             Killed from afar by an ironbound thunderhulk (68 damage)
             ... with a bolt of lightning
             ... in a wizard's laboratory on May 23, 2022.
             The game lasted 03:20:11 (83673 turns).

Doot the Eclecticist (Demigod Ice Elementalist)    Turns: 83673, Time: 03:20:12

Health: 0/161      AC: 26    Str: 25    XL:     21   Next: 46%
Magic:  48/60      EV: 12    Int: 60    God:
Gold:   949        SH: 18    Dex: 21    Spells: 7/59 levels left

rFire   + . .      SeeInvis +   Y - +4 demon whip of Hatred {freeze, rC+ rCorr Dex+3}
rCold   + + .      Faith    .   R - +5 kite shield {AC+3}
rNeg    . . .      Spirit   .   F - +1 chain mail of the Hart {rC++ Regen+}
rPois   .          Reflect  .   I - +2 helmet {Int+3}
rElec   .          Harm     +   s - +1 cloak "Dycaog Ifa" {Harm Drain Str+8 Int+4}
rCorr   +          Rampage  .   P - +2 pair of gloves
Will    ++++.                   a - +0 pair of boots
Stlth   +.........              W - amulet of the Clam {RegenMP Str+5 Dex+2}
HPRegen 1.16/turn               t - ring of Harmony {Fire Will++ Int+3 Dex+2}
MPRegen 0.77/turn               M - ring "Isy Gela" {Fly MP+9 Str+3 Int+5 SInv}

@: unable to drink, flying, very slightly contaminated, studying Maces & Flails
A: high MP 1, forlorn, divine attributes, robust 1
}: 2/15 runes: decaying, serpentine
a: no special abilities


You were in a wizard's laboratory.
You visited 9 branches of the dungeon, and saw 44 of its levels.
You visited the Abyss 2 times.
You also visited: Trove, Volcano, Wizlab and Desolation.

You collected 4236 gold pieces.
You spent 3287 gold pieces at shops.

Inventory:

Hand Weapons
 b - the +3 hand axe "Hoasaq" {protect, rElec rN+++ Will- rCorr}
   (You found it on level 3 of the Elven Halls)

   It grants its wielder temporary protection when it strikes (+7 to AC).
   rElec:     It insulates you from electricity.
   rN:        It renders you almost immune to negative energy.
   rCorr:     It protects you from acid and corrosion.
   Will:      It decreases your willpower.
 c - the +8 hunting sling of Earthquakes {flame, rF+ Will+}
   (You found it in a wizard's laboratory)

   Any ammunition fired from it burns those it strikes, dealing additional fire
   damage.
   rF:        It protects you from fire.
   Will:      It increases your willpower.
 Y - the +4 demon whip of Hatred (weapon) {freeze, rC+ rCorr Dex+3}
   (You took it off a deep elf archer on level 3 of the Elven Halls)

   It freezes those it strikes, dealing additional cold damage.
   It can also slow down cold-blooded creatures.
   Dex:       It affects your dexterity (+3).
   rC:        It protects you from cold.
   rCorr:     It protects you from acid and corrosion.
Missiles
 u - 7 throwing nets
Armour
 a - a +0 pair of boots (worn)
 s - the +1 cloak "Dycaog Ifa" (worn) {Harm Drain Str+8 Int+4}
   (You found it on level 1 of the Swamp)

   Str:       It affects your strength (+8).
   Int:       It affects your intelligence (+4).
   Drain:     It drains your maximum health when unequipped.
   Harm:      It increases damage dealt and taken.
 F - the +1 chain mail of the Hart (worn) {rC++ Regen+}
   (You bought it in a shop on level 5 of the Dungeon)

   rC:        It greatly protects you from cold.
   Regen:     It increases your rate of health regeneration.
 I - a +2 helmet of intelligence (worn)
 P - a +2 pair of gloves (worn)
 R - a +5 kite shield of protection (worn)
 S - a +9 plate armour of ponderousness
 Z - the +2 scale mail of the Armadillo {rPois}
   (You found it on level 12 of the Dungeon)

   rPois:     It protects you from poison.
Jewellery
 d - the ring of Woaptoer {Ice Dex+4}
   (You found it in a wizard's laboratory)

   [ring of ice]

   It enhances your ice magic.
   Dex:       It affects your dexterity (+4).
   rF:        It makes you vulnerable to fire.
   rC:        It protects you from cold.
 t - the ring of Harmony (left hand) {Fire Will++ Int+3 Dex+2}
   (You found it in a wizard's laboratory)

   [ring of fire]

   It enhances your fire magic.
   Int:       It affects your intelligence (+3).
   Dex:       It affects your dexterity (+2).
   rF:        It protects you from fire.
   rC:        It makes you vulnerable to cold.
   Will:      It greatly increases your willpower.
 v - the amulet of the Mutiny {RegenMP rPois}
   (You found it in a treasure trove)

   [amulet of magic regeneration]

   It increases your rate of magic regeneration.
   rPois:     It protects you from poison.
 K - the ring of Ecoatzag {Fire Int+7}
   (You found it in a wizard's laboratory)

   [ring of fire]

   It enhances your fire magic.
   Int:       It affects your intelligence (+7).
   rF:        It protects you from fire.
   rC:        It makes you vulnerable to cold.
 M - the ring "Isy Gela" (right hand) {Fly MP+9 Str+3 Int+5 SInv}
   (You found it in a treasure trove)

   [ring of magical power]

   Str:       It affects your strength (+3).
   Int:       It affects your intelligence (+5).
   MP:        It affects your magic capacity (+9).
   SInv:      It lets you see invisible.
   Fly:       It grants you flight.
 O - the ring of the Mage {Wiz Archmagi}
   (You found it in a treasure trove)

   [ring of wizardry]

   It improves your spell success rate.
   Archmagi:  It increases the power of your magical spells.
 W - the amulet of the Clam (around neck) {RegenMP Str+5 Dex+2}
   (You found it in the Desolation of Salt)

   [amulet of magic regeneration]

   It increases your rate of magic regeneration.
   Str:       It affects your strength (+5).
   Dex:       It affects your dexterity (+2).
Wands
 B - a wand of iceblast (27)
 J - a wand of digging (23)
 N - a wand of paralysis (19)
 V - a wand of acid (8)
Scrolls
 h - 8 scrolls of fear
 j - 3 scrolls of enchant weapon
 n - 2 scrolls of enchant armour
 o - 3 scrolls of silence
 p - 6 scrolls of immolation
 r - a scroll of magic mapping
 A - 7 scrolls of teleportation
 C - 3 scrolls of torment
 E - 3 scrolls of holy word
 G - 8 scrolls of vulnerability
 L - 3 scrolls of fog
 T - 2 scrolls of blinking
 U - a scroll of summoning
Potions
 e - 7 potions of brilliance
 f - 4 potions of heal wounds
 g - 3 potions of magic
 i - 6 potions of curing
 k - 10 potions of haste
 l - 5 potions of lignification
 q - a potion of cancellation
 w - 2 potions of invisibility
 x - 5 potions of ambrosia
 y - 6 potions of attraction
 D - 4 potions of berserk rage
 H - 4 potions of might
 Q - 3 potions of mutation
 X - 3 potions of resistance
Miscellaneous
 m - a phantom mirror
 z - a condenser vane


   Skills:
 - Level 3.8 Fighting
 - Level 1.2 Short Blades
 * Level 8.1(8.5) Maces & Flails
 - Level 3.8(6.4) Staves
 * Level 9.6 Armour
 + Level 7.8 Dodging
 - Level 7.2 Stealth
 * Level 10.1 Shields
 + Level 19.6 Spellcasting
 * Level 17.4 Conjurations
 - Level 0.8 Summonings
 - Level 3.0 Necromancy
 - Level 6.3 Transmutations
 - Level 15.5 Ice Magic
 * Level 11.7 Air Magic
 - Level 2.9 Earth Magic
 - Level 3.0 Evocations


You had 7 spell levels left.
You knew the following spells:

 Your Spells              Type           Power      Damage    Failure   Level
a - Freeze                Ice            100%       1d11      0%          1
b - Frozen Ramparts       Ice            100%       1d12      0%          3
c - Hailstorm             Conj/Ice       100%       3d20      1%          4
d - Summon Ice Beast      Ice/Summ       100%       N/A       1%          4
e - Irradiate             Conj/Tmut      58%        3d33      1%          5
f - Conjure Flame         Conj/Fire      100%       6-21      1%          3
g - Swiftness             Air            100%       N/A       1%          3
h - Freezing Cloud        Conj/Ice/Air   63%        6-21      1%          5
i - Orb of Destruction    Conj           66%        9d16      1%          7
j - Iron Shot             Conj/Erth      55%        9d10      4%          6
k - Ozocubu's Refrigerat  Ice            64%        4d17      2%          7
l - Dispel Undead         Necr           76%        3d25      5%          4

Your spell library contained the following spells:

 Spells                   Type           Power      Damage    Failure   Level
 Magic Dart               Conj           100%       1d8       0%          1
 Shock                    Conj/Air       100%       1d9       0%          1
 Searing Ray              Conj           100%       2d8       0%          2
 Ozocubu's Armour         Ice            100%       N/A       0%          3
 Animate Skeleton         Necr           100%       N/A       1%          1
 Apportation              Tloc           100%       N/A       1%          1
 Foxfire                  Conj/Fire      100%       2x1d9     1%          1
 Slow                     Hex            100%       N/A       1%          1
 Sting                    Tmut/Pois      100%       1d8       1%          1
 Summon Small Mammal      Summ           100%       N/A       1%          1
 Corpse Rot               Necr/Air       100%       N/A       1%          2
 Poisonous Vapours        Pois/Air       100%       N/A       1%          2
 Sublimation of Blood     Necr           76%        N/A       1%          2
 Mephitic Cloud           Conj/Pois/Air  100%       N/A       1%          3
 Stone Arrow              Conj/Erth      100%       3d13      1%          3
 Vampiric Draining        Necr           76%        2d11      1%          3
 Airstrike                Air            58%        N/A       1%          4
 Fulminant Prism          Conj/Hex       52%        3d23      1%          4
 Ice Form                 Ice/Tmut       100%       N/A       1%          4
 Iskenderun's Mystic Bla  Conj/Tloc      100%       2d19      1%          4
 Sticky Flame             Conj/Fire      100%       2d11      1%          4
 Iskenderun's Battlesphe  Conj           100%       2d15      1%          5
 Ignite Poison            Fire/Tmut/Pois 90%        N/A       2%          3
 Petrify                  Tmut/Erth      85%        N/A       2%          4
 Call Canine Familiar     Summ           62%        N/A       4%          3
 Summon Guardian Golem    Hex/Summ       59%        N/A       4%          3
 Confusing Touch          Hex            56%        N/A       6%          3
 Gell's Gravitas          Tloc           56%        N/A       6%          3
 Teleport Other           Tloc           56%        N/A       6%          3
 Animate Armour           Summ/Erth      100%       N/A       9%          4
 Alistair's Intoxication  Tmut/Pois      51%        N/A       14%         5
 Olgreb's Toxic Radiance  Pois           56%        N/A       19%         4
 Spellforged Servitor     Conj/Summ      53%        N/A       36%         7
 Summon Forest            Summ/Tloc      29%        N/A       41%         5
 Death Channel            Necr           38%        N/A       65%         6
 Summon Cactus Giant      Summ           31%        N/A       91%         6
 Dispersal                Tloc           28%        N/A       96%         6
 Malign Gateway           Summ/Tloc      29%        N/A       100%        7
 Lehudib's Crystal Spear  Conj/Erth      55%        10d13     89%         8
 Chain Lightning          Conj/Air       62%        3d83      99%         9
 Borgnjor's Revivificati  Necr           38%        N/A       100%        8
 Disjunction              Tloc           28%        N/A       100%        8
 Infestation              Necr           38%        N/A       100%        8
 Necromutation            Tmut/Necr      43%        N/A       100%        8
 Death's Door             Necr           38%        N/A       100%        9


Dungeon Overview and Level Annotations

Branches:
Dungeon (15/15)            Temple (0/1) D:4            Lair (6/6) D:8
  Swamp (4/4) Lair:3        Snake (4/4) Lair:4        Slime (5/5) Lair:6
    Orc (2/2) D:11            Elf (3/3) Orc:2        Vaults (4/5) D:13
  Crypt (0/3) Vaults:2     Depths (1/4) D:15        Volcano (visited)
 WizLab (1/1)             Desolation (visited)

Shops:
D:2 *   D:5 *   D:13 *   Orc:1 *(   Orc:2 !=([!   Elf:1 :(   Elf:2 =
Snake:2 [   Vaults:3 !

Annotations:
D:15 3 runed translucent doors
Lair:4 3 runed translucent doors, jaiteiro's ghost, journeyman DrTm; kalagan's ghost, journeyman DECj; waddelsworth's ghost, journeyman GnCj
Snake:4 1 exclusion
Elf:2 3 runed translucent doors
Elf:3 1 runed translucent door, Peloso's ghost, adept MiFi WizLab exclusion: lightning spire


Innate Abilities, Weirdness & Mutations

You have an increased reservoir of magic. (+10% MP)
You shall have no god before yourself.
Your divine heritage dramatically boosts your attributes as you level up.
You are robust. (+10% HP)


Message History

The ironbound thunderhulk shouts!
There is an open gate here.
You reach down and close the gate.
Something unseen opens the gate.
Electricity crackles from the ironbound thunderhulk's apparatus.
The bolt of lightning hits you!!!
* * * LOW HITPOINT WARNING * * *
You feel much better.
There is an open gate here.
Electricity crackles from the ironbound thunderhulk's apparatus.
The bolt of lightning misses you.
You reach down and close the gate, pushing everything out of the way.
You are confused.
You feel invigorated.
Electricity crackles from the ironbound thunderhulk's apparatus.
The bolt of lightning hits you!!
Electricity crackles from the ironbound thunderhulk's apparatus.
The bolt of lightning misses you.
You feel less invigorated.
You feel less confused.
You are too injured to fight recklessly!
Unknown command.
Unknown command.
There are monsters nearby!
Unknown command.
Casting: Irradiate (mildly dangerous; 1% risk of failure)
Confirm with . or Enter, or press ? or * to list all spells.
The heat is drained from your surroundings.
You feel very cold.
The ironbound thunderhulks are frozen.
The ironbound thunderhulk is heavily wounded.
The ironbound thunderhulk is almost dead.
Electricity crackles from the ironbound thunderhulk's apparatus.
The bolt of lightning misses you.
Unknown command.
Casting: Ozocubu's Refrigeration (dangerous; 2% risk of failure)
Confirm with . or Enter, or press ? or * to list all spells.
You miscast Ozocubu's Refrigeration.
Nothing appears to happen.
Electricity crackles from the ironbound thunderhulk's apparatus.
The bolt of lightning hits you!!!
You die...

#....8# ##...#≈#.
#####.....##### ##....#≈#.
#8............# #...###≈##
#....#.|.#....# #...#≈§≈§≈
#....#.[[#....# #...#§§≈§≈
#....#####....# #...#≈§§≈≈
####'.O###..+#### #...#≈§§≈≈
#...''.....++...####...#≈§≈≈≈
#....#.....#@...#..#8..######
#....#..)..#O...'..'......)..
#....#.....#....#..#...#....)
#....##'''##....####...#.....
####........O#### #.####...#
#....#....# #...###.##
#....#....# #...######
#....)....# ##..##...#
######'###### ##.....).


You could see 2 ironbound thunderhulks.

Vanquished Creatures
  Mara (Swamp:3)
  Bai Suzhen (Snake:3)
  Saint Roka (D:15)
  Vashnia (Snake:2)
  A bone dragon (Swamp:4)
  Nikola (Swamp:2)
  An electric golem (WizLab)
  A lich (Depths:1)
  Asterion (Lair:4)
  4 deep elf master archers (Elf:3)
  Frances (Snake:1)
  14 acid blobs
  3 sphinxes
  Gastronok (D:8)
  Kirke (Swamp:1)
  6 tentacled starspawn
  A tengu reaver (Vaults:3)
  2 fire giants (WizLab)
  Donald (Snake:4)
  4 rockslimes
  9 azure jellies
  7 nagarajas (Snake:4)
  A frost giant (Vaults:3)
  2 orc warlords
  4 deep elf sorcerers (Elf:3)
  2 angels
  7 vault wardens
  Louise (Snake:1)
  2 quicksilver oozes
  3 war gargoyles
  5 deep elf elementalists (Elf:3)
  15 ironbound preservers
  10 ironbound thunderhulks
  10 very ugly things
  7 deep elf annihilators (Elf:3)
  5 deep elf demonologists
  A lorocyproca (Abyss:3)
  Azrael (D:13)
  4 bunyips
  9 eleionomae
  3 entropy weavers
  A halazid warlock (Desolation)
  7 dire elephants (Vaults:2)
  Snorg (Lair:5)
  A spark wasp (Swamp:2)
  4 crystal guardians
  7 yaktaur captains
  Josephine (Lair:5)
  8 deep elf death magi
  A fire dragon (D:15)
  2 deep elf high priests (Elf:3)
  An ice dragon (D:15)
  5 vault guards
  6 ragged hierophants
  19 naga warriors
  16 hydras
  7 boulder beetles
  3 great orbs of eyes
  9 servants of whispers (Desolation)
  Erolcha (D:9)
  The ghost of maxonian the Fighter, a journeyman FoWn of Qazlal (D:13)
  3 salamander tyrants
  12 peacekeepers
  2 ghost crabs
  Harold (D:9)
  12 anacondas
  4 ironbound frosthearts (Vaults:2)
  Erica (D:8)
  6 alligators
  16 centaur warriors
  2 catoblepae
  The ghost of hitsuchi the Destroyer, a novice DgCj (Lair:1)
  4 two-headed ogres
  15 dancing weapons
  3 thrashing horrors (Abyss:3)
  A deep troll shaman (Lair:6)
  An orc high priest (Orc:2)
  14 death yaks
  6 shock serpents
  A tengu warrior (D:15)
  A wretched star (Abyss:3)
  Nergalle (Orc:1)
  5 salamander mystics
  14 naga sharpshooters
  6 deep elf knights
  A spatial maelstrom (Abyss:2)
  A sixfirhy (Abyss:2)
  A glowing orange brain (Vaults:3)
  3 goliath frogs (Swamp:2)
  2 death drakes
  58 deep trolls
  7 sea snakes (Snake:4)
  2 spriggan druids (Swamp:2)
  6 naga ritualists
  2 spectral hydras (Swamp:4)
  17 deep elf archers
  4 swamp dragons
  13 lindwurms
  Pikel (D:8)
  7 bog bodies
  14 ironbound convokers
  2 phantasmal warriors (Swamp:4)
  2 necromancers (Vaults:2)
  2 orc knights
  8 harpies
  10 wizards
  The ghost of Exporg the Chopper, a novice FoFi (D:6)
  A frost giant zombie (Vaults:2)
  10 orc sorcerers
  26 ugly things
  20 deep elf pyromancers
  20 deep elf zephyrmancers
  2 human zombies (Vaults:2)
  11 mana vipers
  2 oklob plants (Lair:5)
  4 shining eyes
  23 salamanders
  A manticore (D:14)
  A tengu skeleton (Vaults:2)
  7 cyclopes
  18 elephants
  10 vault sentinels
  3 will-o-the-wisps
  Maurice (D:9)
  12 guardian serpents
  5 molten gargoyles (WizLab)
  32 black mambas
  11 cane toads
  A smoke demon (Abyss:3)
  11 gargoyles
  15 naga magi
  Maggie (D:9)
  An unseen horror (D:13)
  6 rime drakes
  A tengu conjurer (D:15)
  4 efreet
  5 komodo dragons
  16 yaktaurs
  3 swamp worm zombies (Swamp:4)
  A freezing wraith (D:15)
  11 trolls
  The ghost of brob1 the Chopper, an amateur MiBe of Trog (D:5)
  A bloated husk (Swamp:2)
  A red devil (Abyss:3)
  A meliai (D:13)
  Grinder (D:5)
  A polar bear (Lair:6)
  Prince Ribbit (D:7)
  8 hornets
  A queen bee (D:13)
  7 tyrant leeches
  16 blink frogs
  2 hydra zombies (Swamp:4)
  9 dream sheep
  131 slime creatures
  30 saltlings
  4 spectral swamp dragons (Swamp:4)
  A raiju (Abyss:3)
  4 alligator zombies (Swamp:4)
  2 air elementals (Elf:1)
  3 flying skulls (Abyss:3)
  2 shadows (D:11)
  2 vampires
  An ettin skeleton (Vaults:2)
  4 wyverns
  6 spriggans
  31 yaks
  2 elf zombies (Vaults:2)
  2 hogs (Swamp:1)
  3 wraiths (Lair:5)
  A human (shapeshifter) (D:15)
  3 ynoxinuls (Abyss:3)
  4 basilisks
  4 golden eyes
  A neqoxec (Abyss:2)
  Eustachio (D:5)
  5 fire elementals
  5 redbacks (Vaults:1)
  A chaos spawn (Abyss:2)
  19 humans (D:13)
  A steam dragon (D:8)
  7 small abominations
  60 nagas
  17 swamp worms
  15 vampire mosquitoes
  9 wargs
  2 acid dragons (D:12)
  A harpy simulacrum (Abyss:3)
  5 large abominations
  An ogre skeleton (Vaults:2)
  15 water moccasins
  6 hell hounds
  A hydra simulacrum (Lair:1)
  5 swamp drakes
  5 swamp dragon zombies (Swamp:4)
  An ice beast (D:7)
  23 orc warriors
  47 wolves
  9 ogres
  4 centaurs
  3 lemures (D:8)
  7 phantoms
  2 kobold brigands (D:6)
  9 bullfrogs
  7 earth elementals
  A wyvern skeleton (D:7)
  7 killer bees (D:13)
  6 howler monkeys
  A rime drake simulacrum (Lair:1)
  2 electric eels
  2 komodo dragon simulacra (Lair:1)
  A hound (D:7)
  A bullfrog zombie (D:6)
  7 centaur zombies
  17 orc priests
  9 jellies
  3 gnoll shamans
  A water moccasin simulacrum (Lair:1)
  A centaur skeleton (D:6)
  2 iron imps
  5 iguanas
  Natasha (twice) (D:2)
  32 orc wizards
  A polar bear simulacrum (Lair:1)
  A yak simulacrum (Lair:1)
  A lightning spire (WizLab)
  A hound skeleton (D:5)
  3 howler monkey zombies
  Robin (D:2)
  10 gnolls
  A howler monkey skeleton (D:7)
  A swamp drake zombie (Swamp:4)
  5 adders
  A white imp (D:8)
  2 ufetubi
  An adder skeleton (D:4)
  2 worms (D:2)
  3 dart slugs
  60 orcs
  8 ball pythons
  9 endoplasms
  2 giant cockroaches (D:2)
  8 hobgoblins
  15 kobolds
  3 quokkas
  6 bats
  2 frilled lizards
  10 goblins
  4 rats
  5 starspawn tentacles
1698 creatures vanquished.

Vanquished Creatures (collateral kills)
  The ghost of 101zpm the Thaumaturge, a journeyman DjFE (Orc:2)
  A death yak (Lair:6)
  Urug (D:13)
  A deep elf knight (Elf:2)
  A rime drake (Lair:1)
  2 saltlings (Desolation)
  A human (D:13)
  A wolf (Lair:1)
9 creatures vanquished.

Vanquished Creatures (others)
  A necromancer (D:13)
  3 bloated husks
  A naga (Snake:4)
  A phantom (Swamp:4)
  10 foxfires (Swamp:2)
  60 fungi
  A lurking horror (Abyss:3)
  56 plants
  8 starspawn tentacles
  8 toadstools (D:6)
149 creatures vanquished.

Grand Total: 1856 creatures vanquished

Notes
Turn   | Place    | Note
-------+----------+-------------------------------------------
     0 | D:1      | Doot the Demigod Ice Elementalist began the quest for the
                  | Orb.
     0 | D:1      | Reached XP level 1. HP: 14/14 MP: 5/5
   484 | D:1      | Reached XP level 2. HP: 13/20 MP: 1/7
  1011 | D:2      | Reached skill level 2 in Spellcasting
  1286 | D:2      | Reached XP level 3. HP: 26/26 MP: 5/8
  1626 | D:2      | Found Cyuckosu's Assorted Antiques.
  1761 | D:2      | Learned a level 3 spell: Frozen Ramparts
  1877 | D:2      | Noticed Natasha
  1887 | D:2      | Killed Natasha
  1888 | D:2      | Reached skill level 3 in Spellcasting
  1888 | D:2      | Reached XP level 4. HP: 22/33 MP: 5/11
  2070 | D:2      | Noticed Robin
  2079 | D:2      | Killed Robin
  2258 | D:2      | Noticed Natasha
  2260 | D:2      | Killed Natasha
  2523 | D:3      | Learned a level 4 spell: Hailstorm
  2878 | D:3      | Identified the +8 falchion "Embalmer" {flame, *Slow Fly
                  | rCorr Stlth+}
  2909 | D:3      | Identified the +1 robe "Hivvas" {Harm Stlth+}
  3282 | D:4      | Reached XP level 5. HP: 35/38 MP: 10/13
  3344 | D:4      | Found a staircase to the Ecumenical Temple.
  3657 | D:4      | Reached skill level 1 in Conjurations
  4473 | D:5      | Entered Level 5 of the Dungeon
  4477 | D:5      | Reached XP level 6. HP: 45/45 MP: 11/15
  4535 | D:5      | Reached skill level 4 in Spellcasting
  4784 | D:5      | Noticed Eustachio
  4792 | D:5      | Killed Eustachio
  4869 | D:6      | Reached skill level 5 in Ice Magic
  4897 | D:5      | Found a large runed translucent door.
  4897 | D:5      | Found a large runed translucent door.
  4899 | D:5      | Noticed brob1's ghost (amateur MiBe)
  5173 | D:4      | You are sucked into a shaft and drop 3 floors!
  5247 | D:7      | Reached XP level 7. HP: 32/51 MP: 12/17
  5744 | D:5      | Noticed Grinder
  5767 | D:5      | Killed Grinder
  5768 | D:5      | Reached skill level 1 in Fighting
  5768 | D:5      | Reached skill level 1 in Staves
  5935 | D:5      | Found Kyxkien's Assorted Antiques.
  5948 | D:5      | Bought a tubular emerald ring for 115 gold pieces
  6291 | D:6      | Reached skill level 5 in Spellcasting
  6373 | D:6      | Noticed a yak
  6384 | D:6      | Reached XP level 8. HP: 50/59 MP: 13/19
  6680 | D:6      | Found a runed translucent gate.
  6697 | D:6      | Found a runed translucent gate.
  6697 | D:6      | Found a runed translucent gate.
  6699 | D:6      | Noticed Exporg's ghost (novice FoFi)
  6967 | D:6      | Noticed a slime creature
  6967 | D:6      | Noticed a slime creature
  7006 | D:6      | Killed a slime creature
  7007 | D:6      | Reached skill level 6 in Spellcasting
  7007 | D:6      | Reached XP level 9. HP: 64/64 MP: 9/21
  7223 | D:6      | Reached skill level 5 in Conjurations
  7658 | D:7      | Noticed Prince Ribbit
  7669 | D:7      | Killed Prince Ribbit
  8279 | D:8      | Identified the +2 chain mail of Misanthropy {Rampage rElec
                  | Will- Dex-5}
  8358 | D:8      | Noticed a two-headed ogre
  8370 | D:8      | Killed a two-headed ogre
  8370 | D:8      | Noticed Pikel
  8436 | D:8      | Noticed Gastronok
  8461 | D:8      | Killed Gastronok
  8462 | D:8      | Reached skill level 7 in Spellcasting
  8462 | D:8      | Reached XP level 10. HP: 25/72 MP: 5/25
  8753 | D:8      | Found a staircase to the Lair.
  8891 | D:8      | Killed Pikel
  8990 | D:8      | Noticed Erica
  8998 | D:8      | Killed Erica
  9055 | D:8      | Reached skill level 8 in Spellcasting
  9491 | D:9      | Noticed a five-headed hydra
  9498 | D:9      | Killed a five-headed hydra
  9686 | D:9      | Noticed Erolcha
  9691 | D:9      | Killed Erolcha
  9789 | D:9      | Noticed Maurice
  9800 | D:9      | Killed Maurice
 10127 | D:9      | Noticed Maggie
 10134 | D:9      | HP: 2/72 [Maggie/bolt of acid (39)]
 10135 | D:9      | Killed Maggie
 10984 | D:9      | Reached skill level 9 in Spellcasting
 11250 | D:9      | Noticed Harold
 11261 | D:9      | Killed Harold
 11262 | D:9      | Reached XP level 11. HP: 79/79 MP: 15/28
 11547 | D:10     | Entered Level 10 of the Dungeon
 11678 | D:10     | Reached skill level 1 in Evocations
 12150 | D:10     | Reached skill level 5 in Stealth
 13050 | D:11     | Found a staircase to the Orcish Mines.
 13140 | D:11     | Noticed a two-headed ogre
 13153 | D:11     | Killed a two-headed ogre
 13276 | Orc:1    | Entered Level 1 of the Orcish Mines
 13542 | Orc:1    | Found Ogouph's Weapon Shoppe.
 13592 | Orc:1    | Reached skill level 10 in Ice Magic
 13596 | Orc:1    | Found a dark tunnel.
 13605 | Volcano  | Entered a volcano
 14254 | Orc:1    | Noticed Nergalle
 14261 | Orc:1    | Killed Nergalle
 14547 | Orc:1    | Reached skill level 10 in Spellcasting
 14924 | Orc:1    | Found Ysojueg's General Store.
 14930 | Orc:1    | Noticed an orc knight
 14998 | Orc:1    | Killed an orc knight
 14999 | Orc:1    | Reached XP level 12. HP: 53/88 MP: 8/30
 15155 | Orc:2    | Entered Level 2 of the Orcish Mines
 15853 | Orc:2    | Found a staircase to the Elven Halls.
 15858 | Orc:2    | Found Conwi Tiria's Distillery.
 15867 | Orc:2    | Bought a potion of curing for 42 gold pieces
 15998 | Orc:2    | Reached skill level 1 in Armour
 16840 | Orc:2    | Found a runed translucent door.
 16840 | Orc:2    | Noticed 101zpm's ghost (journeyman DjFE)
 16872 | Orc:2    | Reached skill level 11 in Spellcasting
 17183 | Orc:2    | Found Xuvu's Jewellery Shoppe.
 17183 | Orc:2    | Found Nashekus's Antique Armour Emporium.
 17186 | Orc:2    | Found Etudie's Distillery.
 17186 | Orc:2    | Found Gich's Antique Weapon Emporium.
 17228 | Orc:2    | Bought a potion of heal wounds for 65 gold pieces
 17482 | Orc:2    | Learned a level 4 spell: Summon Ice Beast
 17642 | Orc:2    | Killed 101zpm's ghost
 18187 | D:11     | Learned a level 5 spell: Irradiate
 18770 | D:12     | Reached skill level 1 in Transmutations
 18941 | D:12     | Noticed an eight-headed hydra
 19665 | D:12     | Identified the +2 scale mail of the Armadillo {rPois}
 20247 | D:12     | Reached XP level 13. HP: 94/94 MP: 9/33
 21129 | D:13     | Found Liabbeez's Luxury Loot.
 21154 | D:13     | Noticed Urug
 21165 | D:13     | Killed Urug
 21375 | D:13     | Reached skill level 12 in Spellcasting
 21891 | D:13     | Reached skill level 5 in Dodging
 22082 | D:13     | Noticed maxonian's ghost (journeyman FoWn)
 22097 | D:13     | Found a transporter.
 22100 | D:13     | Found a transporter.
 22418 | D:13     | Noticed Azrael
 22421 | D:13     | Killed Azrael
 22920 | D:13     | Found a gate to the Vaults.
 23486 | Elf:1    | Entered Level 1 of the Elven Halls
 23868 | Elf:1    | Paralysed by an air elemental for 1 turns
 23981 | Lair:1   | Entered Level 1 of the Lair of Beasts
 24344 | Lair:1   | Noticed hitsuchi's ghost (novice DgCj)
 24413 | Lair:1   | Found a runed translucent gate.
 24413 | Lair:1   | Found a runed translucent gate.
 24413 | Lair:1   | Found a runed translucent gate.
 25450 | Lair:1   | Learned a level 3 spell: Conjure Flame
 25937 | Lair:1   | Killed hitsuchi's ghost
 26154 | Lair:1   | Identified the amulet of Orthodoxy {Acrobat Str+4 Dex+3}
 26293 | Lair:2   | Reached skill level 5 in Transmutations
 26744 | Lair:2   | Got the Guide on the Compass
 27332 | Lair:3   | Learned a level 3 spell: Swiftness
 27819 | Lair:3   | Found a staircase to the Swamp.
 27845 | Lair:3   | Reached skill level 1 in Air Magic
 27845 | Lair:3   | Reached XP level 14. HP: 84/102 MP: 24/35
 28526 | Swamp:1  | Entered Level 1 of the Swamp
 28563 | Lair:4   | Found a runed translucent gate.
 28563 | Lair:4   | Found a runed translucent gate.
 28564 | Lair:4   | Found a runed translucent gate.
 28564 | Lair:4   | Noticed jaiteiro's ghost (journeyman DrTm)
 28564 | Lair:4   | Noticed waddelsworth's ghost (journeyman GnCj)
 28565 | Lair:4   | Noticed kalagan's ghost (journeyman DECj)
 28706 | Lair:4   | Found a staircase to the Snake Pit.
 28927 | Lair:4   | Reached skill level 13 in Spellcasting
 29220 | Lair:4   | Got the Incunabulum of Spatial Evil Magic
 32208 | Lair:5   | Noticed Josephine
 32274 | Lair:6   | Entered Level 6 of the Lair of Beasts
 33560 | Lair:5   | Noticed Snorg
 33570 | Lair:5   | Killed Snorg
 33711 | Lair:5   | Killed Josephine
 35312 | Lair:6   | Found a staircase to the Slime Pits.
 35458 | Lair:6   | Reached skill level 5 in Air Magic
 35565 | Lair:6   | Reached XP level 15. HP: 76/107 MP: 11/38
 36405 | Lair:6   | Reached skill level 14 in Spellcasting
 36877 | Lair:6   | Reached skill level 1 in Short Blades
 38660 | D:15     | Entered Level 15 of the Dungeon
 39968 | Elf:1    | Found Zideylet's Antique Weapon Shoppe.
 39968 | Elf:1    | Found Peshroamu's Book Emporium.
 39983 | Elf:1    | Bought the Tome of Destructive Cold for 660 gold pieces
 39989 | Elf:1    | Learned a level 5 spell: Freezing Cloud
 39997 | Elf:1    | Learned a level 7 spell: Orb of Destruction
 40154 | Orc:2    | Bought the ring "Xogo Ega" {rN+ Int+6 SInv} for 812 gold
                  | pieces
 40298 | Elf:1    | Noticed a Brimstone Fiend
 41168 | Elf:1    | Reached skill level 10 in Conjurations
 41321 | Elf:1    | Got Lusekod's Volume of Summoning
 41560 | Elf:1    | Paralysed by an air elemental for 1 turns
 41804 | Elf:1    | Reached skill level 5 in Armour
 42564 | Elf:2    | Found a crumbling gateway.
 42575 | Desolati | Entered the Desolation of Salt
 44014 | Desolati | Found the dreamshard necklace {*Dream Drain}
 44026 | Desolati | Reached XP level 16. HP: 50/116 MP: 5/40
 44267 | Desolati | Identified the +4 morningstar of Termination {vorpal, Str+3
                  | Int+3}
 44287 | Desolati | Identified the amulet "Itititer" {Acrobat Fragile +Blink
                  | Regen+ SInv}
 44289 | Desolati | Identified the amulet of the Clam {RegenMP Str+5 Dex+2}
 45464 | Desolati | Identified the +0 robe of the Moon {Rampage rN++ Int-4}
 46015 | Elf:2    | Found a runed translucent gate.
 46016 | Elf:2    | Found a runed translucent gate.
 46016 | Elf:2    | Found a runed translucent gate.
 46965 | Elf:2    | Found Leunoedu's Jewellery Shop.
 47103 | Elf:3    | Entered Level 3 of the Elven Halls
 47104 | Elf:3    | Identified the +3 hand axe "Hoasaq" {protect, rElec rN+++
                  | Will- rCorr}
 47861 | Elf:3    | Reached skill level 1 in Shields
 47898 | Elf:2    | Noticed a deep elf blademaster
 48267 | Snake:1  | Entered Level 1 of the Snake Pit
 48327 | Snake:1  | Noticed Frances
 48345 | Snake:1  | Killed Frances
 48670 | Snake:1  | Noticed Louise
 48735 | Snake:1  | Cast into level 2 of the Abyss (Louise)
 48787 | Abyss:2  | Noticed a tentacled starspawn
 48791 | Abyss:2  | Killed a tentacled starspawn
 49096 | Abyss:2  | Noticed a tentacled starspawn
 49099 | Abyss:2  | Killed a tentacled starspawn
 49251 | Abyss:2  | Noticed a bone dragon
 49296 | Abyss:3  | Noticed a tentacled starspawn
 49303 | Abyss:3  | Killed a tentacled starspawn
 49595 | Snake:1  | Escaped the Abyss
 50077 | Snake:1  | Noticed Asterion
 50085 | Snake:1  | Noticed an Executioner
 50425 | Swamp:1  | Identified the +1 cloak "Dycaog Ifa" {Harm Drain Str+8
                  | Int+4}
 50797 | Swamp:1  | Reached skill level 15 in Spellcasting
 51651 | Swamp:1  | Noticed Kirke
 51657 | Swamp:1  | Noticed a sphinx
 51657 | Swamp:1  | Killed Kirke
 52327 | Swamp:2  | Identified the +6 plate armour "Eptie" {rCorr}
 52533 | Swamp:2  | Noticed Nikola
 52776 | D:15     | Found a portal to a secret trove of treasure.
 52866 | D:15     | Reached XP level 17. HP: 122/122 MP: 37/41
 52903 | D:15     | Found Zin's Purification Station.
 53028 | Orc:2    | Bought a potion of magic for 112 gold pieces
 53028 | Orc:2    | Bought a potion of curing for 42 gold pieces
 53028 | Orc:2    | Bought 2 potions of curing for 84 gold pieces
 53028 | Orc:2    | Bought a potion of curing for 42 gold pieces
 53144 | D:15     | You paid a toll of 15 potions of curing to enter a treasure
                  | trove
 53145 | Trove    | Entered a treasure trove
 53149 | Trove    | Found the ring of the Mage {Wiz Archmagi}
 53159 | Trove    | Identified the ring of Reimbursement {*Slow rPois rCorr
                  | Int+2}
 53163 | Trove    | Identified the ring of Contentment {rCorr EV+4}
 53165 | Trove    | Identified the ring of Kumo {Slay+4 SInv}
 53167 | Trove    | Identified the amulet of Xeilys {Acrobat rPois Str+2
                  | Slay-6}
 53172 | Trove    | Identified the ring "Isy Gela" {Fly MP+9 Str+3 Int+5 SInv}
 53174 | Trove    | Identified the ring "Hiopsaf" {rPois Int+6}
 53176 | Trove    | Identified the amulet of Rasul {Acrobat -Cast Harm Fragile
                  | rCorr}
 53184 | Trove    | Identified the amulet of the Mutiny {RegenMP rPois}
 53355 | D:15     | Bought a potion of curing for 90 gold pieces
 53456 | D:15     | Found a runed translucent gate.
 53456 | D:15     | Found a runed translucent gate.
 53456 | D:15     | Found a runed translucent gate.
 53482 | D:15     | Found a staircase to the Depths.
 54550 | Elf:3    | Identified the +3 dagger of Symmetry {flame, rPois rN+}
 54596 | Elf:3    | Identified the +4 rapier of Due Proportion {venom, Dex+4
                  | Stlth+}
 54764 | Elf:3    | Identified the +1 leather armour of Indecent Exposure
                  | {Dex+2}
 55148 | Elf:3    | Found a runed translucent door.
 55148 | Elf:3    | Noticed Peloso's ghost (adept MiFi)
 55697 | Elf:3    | Cast into level 2 of the Abyss (a deep elf demonologist)
 56485 | Abyss:3  | Noticed a tentacled monstrosity
 56710 | Elf:3    | Escaped the Abyss
 56718 | Elf:3    | Identified the +4 demon whip of Hatred {freeze, rC+ rCorr
                  | Dex+3}
 56718 | Elf:3    | Identified the +0 robe of Twilight {rF+ Dex+2 SInv}
 56854 | Elf:3    | Identified the +3 spear of Karma {venom, Fly Dex+3}
 57940 | Elf:3    | Reached skill level 5 in Shields
 58361 | Elf:3    | Identified the +6 chain mail of Katzurr {rPois Int+3 Dex+4
                  | SInv}
 58374 | Elf:3    | Identified the +7 hunting sling of Doneq {freeze, rF- rC++
                  | rN+ rCorr}
 58796 | Depths:1 | Entered Level 1 of the Depths
 58796 | Depths:1 | Noticed Saint Roka
 58819 | D:15     | Killed Saint Roka
 59158 | Depths:1 | Noticed a lich
 59169 | Depths:1 | Killed a lich
 59681 | Orc:1    | Bought a scroll of acquirement for 936 gold pieces
 59681 | Orc:1    | Acquired a staff of conjuration
 59682 | Orc:1    | Acquired Sif Muna's Collected Works on Lethal Feathers
 59869 | D:5      | Killed brob1's ghost
 60037 | D:6      | Killed Exporg's ghost
 60400 | Swamp:2  | Reached skill level 15 in Ice Magic
 60641 | Swamp:2  | Killed Nikola
 61118 | Swamp:3  | Identified the +5 ring mail of a Gauntlet {Int+4}
 61256 | Swamp:3  | Noticed Mara
 61266 | Swamp:3  | Killed Mara
 61606 | Swamp:4  | Entered Level 4 of the Swamp
 61922 | Swamp:4  | Reached skill level 16 in Spellcasting
 62056 | Swamp:4  | Reached XP level 18. HP: 128/128 MP: 43/43
 62061 | Swamp:4  | Identified the +0 flail "Vylla" {spect, Contam rPois Will+
                  | Str+6}
 62370 | Swamp:4  | HP: 4/128 [spore (43)]
 63140 | Swamp:4  | Noticed a bone dragon
 63144 | Swamp:4  | Killed a bone dragon
 63152 | Swamp:4  | Got a decaying rune of Zot
 63230 | Swamp:3  | Learned a level 6 spell: Iron Shot
 63855 | Lair:4   | Killed Asterion
 64217 | Snake:1  | Killed Louise
 64839 | Snake:2  | Reached skill level 15 in Conjurations
 66284 | Snake:2  | Found Palomm's Specialty Armours.
 66498 | Snake:2  | Noticed Vashnia
 66710 | Snake:2  | Killed Vashnia
 67584 | Snake:3  | Identified the +9 halberd of the Traitor {freeze, *Rage
                  | Fragile rElec rN+ Will++}
 67615 | Snake:3  | Identified the ring of Royalty {Will- MP+9 Str+3 Dex+6}
 67771 | Snake:3  | Noticed Bai Suzhen
 67779 | Snake:3  | Killed Bai Suzhen
 67780 | Snake:3  | Reached skill level 1 in Earth Magic
 68370 | Snake:4  | Entered Level 4 of the Snake Pit
 69095 | Snake:4  | Reached skill level 10 in Air Magic
 70076 | Snake:4  | Reached XP level 19. HP: 122/135 MP: 45/45
 70211 | Snake:4  | Noticed Donald
 70288 | Snake:4  | Killed Donald
 70479 | Snake:4  | Reached skill level 17 in Spellcasting
 70792 | Snake:4  | Got a serpentine rune of Zot
 71202 | Vaults:1 | Entered Level 1 of the Vaults
 71282 | D:13     | Killed maxonian's ghost
 71611 | Vaults:1 | Learned a level 7 spell: Ozocubu's Refrigeration
 71716 | Vaults:1 | Reached skill level 1 in Maces & Flails
 72196 | D:5      | Bought a faintly humming chain mail for 218 gold pieces
 72196 | D:5      | Identified the +1 chain mail of the Hart {rC++ Regen+} (You
                  | bought it in a shop on level 5 of the Dungeon)
 72196 | D:5      | Bought a scroll of teleportation for 69 gold pieces
 74558 | Slime:1  | Entered Level 1 of the Pits of Slime
 76730 | Slime:4  | Reached skill level 18 in Spellcasting
 76730 | Slime:4  | Reached XP level 20. HP: 141/141 MP: 48/48
 76934 | Slime:5  | Entered Level 5 of the Pits of Slime
 77928 | Slime:4  | Reached skill level 5 in Maces & Flails
 78056 | Slime:5  | Gained mutation: You are robust. (+10% HP) [a shining eye]
 78798 | Vaults:1 | Learned a level 4 spell: Dispel Undead
 79398 | Vaults:2 | Reached skill level 1 in Necromancy
 79654 | Vaults:2 | You are sucked into a shaft and drop 1 floor!
 80347 | Vaults:2 | Reached skill level 19 in Spellcasting
 80811 | Vaults:2 | Found a staircase to the Crypt.
 81088 | Vaults:3 | Found Vorocsef's Distillery.
 81229 | Vaults:3 | Reached XP level 21. HP: 161/161 MP: 29/50
 82001 | Vaults:3 | Identified the +8 great sword of Lesaynk {vorpal, Contam
                  | MP+9 Int+7}
 82460 | Vaults:4 | Reached skill level 10 in Shields
 82511 | Vaults:4 | Found a magical portal.
 82524 | WizLab   | Entered Maxwell's Workshop
 82685 | WizLab   | Found the +15 Maxwell's patent armour {-Cast -Tele rElec
                  | Will+ rCorr}
 82784 | WizLab   | Identified the ring of Woaptoer {Ice Dex+4}
 82786 | WizLab   | Identified the ring of Ecoatzag {Fire Int+7}
 83574 | WizLab   | Identified the ring of Harmony {Fire Will++ Int+3 Dex+2}
 83575 | WizLab   | Identified the +8 hunting sling of Earthquakes {flame, rF+
                  | Will+}
 83673 | WizLab   | Killed from afar by an ironbound thunderhulk

Illustrated notes

Levels and vault maps discovered:
D:1:      minmay_arrival_semitransparent, layout_basic,
          ebering_ecumenical_altar_hall, amcnicky_mini_corridor_feature
D:2:      minmay_diamond_boxcup, layout_basic, serial_shops,
          nicolae_shop_behind_doors, uniq_natasha, uniq_robin
D:3:      wander_river, layout_loops_cross, nicolae_overflow_hallway_of_the_gods
D:4:      layout_loops_ring, temple_green, chequers_serial_rivers_small_3
D:5:      lemuel_ice_spiral_2, layout_rooms, ebering_ghost_disaster_area,
          serial_shops, nicolae_shop_overgrown_old_shop, minivault_1,
          serial_park_tiny_2, water_boxes_lemuel, uniq_eustachio, uniq_grinder
D:6:      cheibrodos_fertilizer, layout_cave_pools, biasface_ghost_orc_armoury,
          serial_glass, glass_columns_c, glass_columns_b, corner_web_ring
D:7:      layout_loops_ring, mainiacjoe_overflow_alcove_2, minmay_liquid_box,
          uniq_prince_ribbit1
D:8:      layout_cave_pools, dpeg_oklobed_lair, uniq_gastronok, uniq_erica,
          uniq_pikel
D:9:      layout_basic, uniq_erolcha, uniq_maurice, uniq_maggie, uniq_harold
D:10:     layout_irregular_city
D:11:     layout_loops_ring, orc_0_dummy, chequers_serial_rivers_micro_b
D:12:     layout_roguey, minmay_diamond_spiral
D:13:     layout_loops_ring, grunt_vaults_entry_tiered, gammafunk_ghost_hive,
          nicolae_alphabet_shops, fedhas_altar_fruit_tree, uniq_urug,
          uniq_azrael
D:14:     layout_roguey, serial_park_paths [serial_park_minivault_5x5_1]
D:15:     grunt_enter_depths_hoard, layout_cave_pools,
          hangedman_decor_peaks_small, enter_trove_0,
          ploomutoo_gammafunk_ghost_potion_laboratory, zin_purify
Lair:1:   layout_hall_layers, gammafunk_ghost_icy, fungi_pond_lemuel,
          grunt_forest_large_clearings
Lair:2:   layout_gridlike
Lair:3:   layout_cave_pods, nicolae_swamp_entry_splash_gauntlet,
          grunt_megastairs_3
Lair:4:   layout_roguey, guppyfry_snake_entry_island, serial_rivers,
          chequers_serial_rivers_micro_b, chequers_serial_rivers_small_3,
          chequers_serial_rivers_micro_e, chequers_serial_rivers_micro_d,
          chequers_serial_rivers_room_a, gammafunk_ghost_cemetery,
          nzn_random_ring
Lair:5:   dpeg_oklob_gauntlet, layout_cellular_growth, serial_bayou_shore_a,
          lemuel_fruit_fields, uniq_snorg, uniq_josephine
Lair:6:   grunt_lair_end_beastmaster, layout_cave_pods,
          nicolae_slime_entry_slimehenge, nicolae_lair_lindhole
Swamp:1:  layout_falls_marsh, nicolae_swamp_tree_isthmus, uniq_kirke
Swamp:2:  layout_basic_swamp, evilmike_swamp_ruin_rubble_2, swamp_pool5,
          nicolae_swamp_catching_bugs, uniq_nikola
Swamp:3:  layout_falls_marsh, evilmike_swamp_ruin_house_1, uniq_mara
Swamp:4:  swamp_pestilence, layout_basic_swamp
Snake:1:  layout_rooms, uniq_louise, uniq_frances, uniq_asterion
Snake:2:  layout_chambers, nicolae_barding_shop, uniq_vashnia
Snake:3:  layout_grid_maze, fake_guardian_serpent_vault, uniq_bai_suzhen
Snake:4:  grunt_snake_rune_pools, layout_basic, basic_altar, uniq_donald
Slime:1:  layout_caves
Slime:2:  layout_caves, cheibrodos_slime_lost_civilization_4
Slime:3:  layout_caves, cheibrodos_slime_lost_civilization_6
Slime:4:  cheibrodos_slime_lost_civilization_1, layout_caves
Slime:5
Orc:1:    cheibrodos_orc_guarddog, layout_caves, enter_volcano_1, basic_altar,
          serial_shops, nicolae_shop_behind_doors, nicolae_shop_hallway_plus,
          led_sif_book, uniq_nergalle
Orc:2:    st_orc_mages, layout_caves, gammafunk_ghost_grave, basic_altar,
          serial_shops, nicolae_shop_temple_entry_statues_fountains
Elf:1:    layout_onion_city, basic_altar, minmay_elf_demonology,
          minmay_shoptagon
Elf:2:    nicolae_elf_blades_crystal_corner, layout_loops_corners, serial_shops,
          nicolae_lakefront_shop, portal_desolation_entry_salt,
          hangedman_elven_pyramids
Elf:3:    minmay_elf_hall_statues, layout_loops_cross, ebering_ghost_xom
Vaults:1: nicolae_vaults_little_squares_2, nicolae_vaults_angled_halls,
          nicolae_vaults_big_angled_halls, nicolae_vaults_little_squares_3,
          nicolae_vaults_network_barrier, v_misc_25, grunt_vaults_funnel,
          vaults_room_pool, nicolae_vaults_mini_display_case,
          ontoclasm_vaults_ligature, layout_vaults_omnigrid
Vaults:2: v_pattern_3, vaults_room_corners, nicolae_vaults_fighting_squares,
          nicolae_vaults_little_squares_3, hangedman_vaults_pinch,
          vaults_mumra_minichess, ontoclasm_vaults_decontamination,
          grunt_vaults_focal, grunt_vaults_twisty, v_misc_1,
          ontoclasm_vaults_fault, layout_vaults_omnibox, dummy_crypt_entry
Vaults:3: vaults_room_stairs_pillars, nicolae_vaults_rhombus_6,
          nicolae_vaults_hallways_thing, vaults_room_boxed,
          nicolae_vaults_angled_halls, vaults_room_glass_cross,
          nicolae_vaults_network_quinsquares
          [nicolae_vaults_network_quincunx_subvault,
          nicolae_vaults_network_quincunx_subvault,
          nicolae_vaults_network_quincunx_subvault,
          nicolae_vaults_network_quincunx_subvault], v_misc_13,
          nicolae_vaults_stairing_the_circle, hangedman_vaults_stitches,
          vaults_room_door_hall, v_misc_9, vaults_dpeg_hooks,
          layout_vaults_maze_bifur, serial_shops, shop
Vaults:4: mu_enter_wizlab_4, serial_ice_m, vaults_dpeg_spiral,
          hangedman_vaults_restitches, nicolae_vaults_windows_and_doors_thing,
          gammafunk_sealed_library, v_misc_10, ontoclasm_vaults_gateway,
          ontoclasm_vaults_shuriken, layout_vaults_chaotic_city
Depths:1: layout_honeycomb, hangedman_tar_grid_catacomb,
          yredelemnul_altar_generic, kennysheep_generic_room_15,
          infiniplex_staircase_pool_lava, uniq_saint_roka
WizLab:   wizlab_maxwell

Skill      XL: |  1  2  3  4  5  6  7  8  9 10 11 12 13 14 15 16 17 18 19 20 21 |
---------------+----------------------------------------------------------------+-----
Ice Magic      | 4 5 7 8 9 10 11 12 13 14 15 | 15.5
Spellcasting   | 2 3 4 5 6 7 9 10 11 12 13 14 15 16 18 19 | 19.6
Stealth        | 2 3 4 6 7 |  7.2
Dodging        | 2 3 4 5 6 7 |  7.8
Conjurations   | 1 2 3 4 5 7 8 9 12 13 14 15 16 17 | 17.4
Fighting       | 1 2 3 |  3.8
Staves         | 1 2 3 |  3.8
Evocations     | 3 |  3.0
Armour         | 2 3 4 5 6 7 8 9 |  9.6
Transmutations | 2 5 6 |  6.3
Air Magic      | 1 5 6 7 8 10 11 | 11.7
Short Blades   | 1 |  1.2
Shields        | 3 6 8 9 10 | 10.1
Earth Magic    | 2 |  2.9
Maces & Flails | 4 6 8 |  8.1
Necromancy     | 2 3 |  3.0
Summonings     | |  0.8

Action                   |  1- 3 |  4- 6 |  7- 9 | 10-12 | 13-15 | 16-18 | 19-21 || total
-------------------------+-------+-------+-------+-------+-------+-------+-------++-------
Melee: Staff             |     3 |    38 |    45 |   112 |    46 |    13 |       ||   257
       Punch             |       |       |     1 |     2 |       |       |       ||     3
       Rapier            |       |       |       |       |    25 |       |       ||    25
       Falchion          |       |       |       |       |       |     1 |       ||     1
       Morningstar       |       |       |       |       |       |    14 |       ||    14
       Demon whip        |       |       |       |       |       |     2 |    13 ||    15
 Cast: Freeze            |    65 |    57 |    19 |    91 |   179 |    25 |     6 ||   442
       Frozen Ramparts   |       |    10 |    15 |    47 |    54 |    14 |     2 ||   142
       Hailstorm         |       |     4 |    37 |   215 |   335 |   258 |    46 ||   895
       Summon Ice Beast  |       |       |       |     5 |    10 |     2 |       ||    17
       Irradiate         |       |       |       |     4 |    73 |    93 |    27 ||   197
       Conjure Flame     |       |       |       |       |     8 |     1 |     1 ||    10
       Freezing Cloud    |       |       |       |       |    11 |   107 |    17 ||   135
       Orb of Destructio |       |       |       |       |     7 |   154 |    68 ||   229
       Swiftness         |       |       |       |       |       |     1 |       ||     1
       Iron Shot         |       |       |       |       |       |    80 |   253 ||   333
       Ozocubu's Refrige |       |       |       |       |       |       |    88 ||    88
       Dispel Undead     |       |       |       |       |       |       |    10 ||    10
Evoke: Wand              |       |       |     1 |     2 |     2 |     6 |       ||    11
       Lightning rod     |       |       |       |       |       |     2 |       ||     2
  Use: Scroll            |       |       |       |     8 |    15 |    21 |     4 ||    48
       Potion            |       |       |       |       |       |     5 |     3 ||     8
 Stab: Paralysed         |       |       |       |    20 |       |     1 |       ||    21
       Petrified         |       |       |       |       |    24 |       |       ||    24
Armor: Robe              |    11 |    19 |    16 |    79 |       |       |       ||   125
       Troll leather arm |       |       |       |    19 |    14 |       |       ||    33
       Swamp dragon scal |       |       |       |       |    91 |       |       ||    91
       Scale mail        |       |       |       |       |    20 |    85 |     5 ||   110
       Chain mail        |       |       |       |       |       |       |    47 ||    47
Dodge: Dodged            |    28 |    47 |    54 |   150 |   229 |    92 |    48 ||   648
Block: Buckler           |       |       |       |     1 |    48 |     8 |       ||    57
       Kite shield       |       |       |       |       |       |   116 |   118 ||   234
